 Dungeon Crawl Stone Soup version 0.28.0-45-g0d030f2227 (webtiles) character file.

Game seed: 706839155986872350

338 bobregger the Ducker (level 6, -3/62 HPs)
             Began as an Ogre Gladiator on Apr 17, 2022.
             Slain by Grinder (7 damage)
             ... while paralysed by Grinder
             ... on level 3 of the Dungeon.
             The game lasted 00:05:04 (4483 turns).

bobregger the Ducker (Ogre Gladiator)               Turns: 4483, Time: 00:05:05

Health: -3/62      AC:  3    Str: 18 (19) XL:     6   Next: 55%
Magic:  6/6        EV:  1    Int:  7 (9)  God:
Gold:   153        SH:  0    Dex: 11 (12) Spells: 5/5 levels left

rFire   . . .      SeeInvis .   l - +0 morningstar
rCold   . . .      Faith    .   (no shield)
rNeg    . . .      Spirit   .   b - +0 robe
rPois   .          Reflect  .   c - +0 hat
rElec   .          Harm     .   (no cloak)
rCorr   .          Rampage  .   (gloves unavailable)
Will    .....                   (boots unavailable)
Stlth   ++........              (no amulet)
HPRegen 0.20/turn               h - +4 ring of evasion
MPRegen 0.10/turn               (no ring)

@: paralysed
A: large, unfitting armour, tough skin 1
a: no special abilities


You were on level 3 of the Dungeon.
You visited 1 branch of the dungeon, and saw 4 of its levels.

You collected 153 gold pieces.

Inventory:

Hand Weapons
 l - a +0 morningstar (weapon)
Missiles
 d - 3 throwing nets (quivered)
Armour
 b - a +0 robe (worn)
 c - a +0 hat (worn)
Jewellery
 a - an amulet of the acrobat
 h - a +4 ring of evasion (left hand)
Scrolls
 e - 3 scrolls of identify {unknown}
 f - a scroll of torment {unknown}
 g - a scroll of blinking {unknown}
 i - a scroll of enchant weapon {unknown}


   Skills:
 + Level 4.2 Fighting
 + Level 4.4 Maces & Flails
 - Level 2.0 Throwing
 * Level 4.5 Dodging
 + Level 1.2 Stealth


You had 5 spell levels left.
You didn't know any spells.
Your spell library was empty.

Dungeon Overview and Level Annotations

Branches:
Dungeon (4/15)
 Temple: D:4-7

Altars:
Gozag

Shops:
D:4 *

Annotations:
D:3 3 runed translucent doors, Grinder; Vizrt's ghost, amateur FoFi


Innate Abilities, Weirdness & Mutations

You are too large for most types of armour.
You have tough skin. (AC +1)


Message History

Level annotation: 3 runed translucent doors, Vizrt's ghost, amateur FoFi
There is a stone staircase leading down here.
You barely miss Grinder. Grinder barely misses you. Grinder hits you!
You barely miss Grinder. Grinder hits you!
You writhe in agony.
You hit Grinder but do no damage.
Grinder blinks!
You closely miss Grinder.
Grinder blinks!
Grinder gestures at you. You resist with some effort.
You completely miss Grinder.
Grinder blinks!
Grinder gestures at you.
You suddenly lose the ability to move!
Grinder says, "There's only one good use for a tongue: cutting it out."
Grinder hits you.
Grinder says, "Mostly I couldn't keep them alive."
Grinder hits you!
You writhe in agony.
Grinder completely misses you. Grinder hits you but does no damage.
Grinder hits you!
You writhe in agony.
* * * LOW HITPOINT WARNING * * *
You can move again.
There is a stone staircase leading down, spattered with blood here.
You closely miss Grinder. Grinder hits you.
* * * LOW HITPOINT WARNING * * *
Grinder gestures at you.
You struggle to resist.
Grinder misses you. Grinder gestures at you.
You suddenly lose the ability to move!
Grinder hits you.
* * * LOW HITPOINT WARNING * * *
You writhe in agony.
* * * LOW HITPOINT WARNING * * *
Grinder gestures at you.
You shrug off the repeated paralysis!
Grinder gestures at you. You resist with some effort. Grinder hits you!
* * * LOW HITPOINT WARNING * * *
Grinder hits you!
You die...

........................#
######........##.##.#####
......###.#...##.##.#
..###.###.#...##.##.#
.................>#.#
#.###.###.#...###.### ......#
#.....# #.# ....#.#
#.....###.#########
#.#.#.###......5@.........#
#.............###..########
#.#.#.###.....# #..#
#.#.#.###.....###..####
#.#.#.................####
....#.###................#
#.#.#.###...#.###..#####.######
#.#.#.........................#
[#########..#.###.######.######


You could see Grinder.

Vanquished Creatures
  A necrophage (D:3)
  Blork the orc (D:4)
  A scorpion (D:4)
  A gnoll (D:1)
  4 adders
  An ufetubus (D:3)
  2 worms (D:3)
  4 orcs (D:2)
  4 ball pythons
  7 bats
  6 endoplasms
  4 giant cockroaches
  4 hobgoblins
  4 kobolds
  A quokka (D:4)
  4 frilled lizards
  5 goblins
  9 rats
63 creatures vanquished.

Notes
Turn   | Place    | Note
-------+----------+-------------------------------------------
     0 | D:1      | bobregger the Ogre Gladiator began the quest for the Orb.
     0 | D:1      | Reached XP level 1. HP: 22/22 MP: 1/1
   152 | D:1      | Found a faded altar of an unknown god.
   292 | D:1      | Reached XP level 2. HP: 27/29 MP: 2/2
   608 | D:1      | Reached XP level 3. HP: 29/36 MP: 3/3
  1819 | D:2      | Reached XP level 4. HP: 41/45 MP: 4/4
  2368 | D:3      | Noticed a necrophage
  2374 | D:3      | Killed a necrophage
  2375 | D:3      | Reached XP level 5. HP: 52/54 MP: 5/5
  2499 | D:3      | Found a runed translucent gate.
  2499 | D:3      | Found a runed translucent gate.
  2499 | D:3      | Found a runed translucent gate.
  2502 | D:3      | Found an opulent altar of Gozag.
  2504 | D:3      | Noticed Vizrt's ghost (amateur FoFi)
  3485 | D:4      | Noticed Blork the orc
  3507 | D:4      | Killed Blork the orc
  3508 | D:4      | Reached skill level 1 in Stealth
  3508 | D:4      | Reached XP level 6. HP: 13/62 MP: 6/6
  4046 | D:4      | Found Lopezycy's Neck Hole.
  4046 | D:4      | Noticed Grinder
  4461 | D:3      | Paralysed by Grinder for 7 turns
  4477 | D:3      | Paralysed by Grinder for 7 turns
  4483 | D:3      | Slain by Grinder

Illustrated notes

Levels and vault maps discovered:
D:1:      elethiomel_arrival_quiet, layout_loops_ring,
          hellmonk_ecumenical_altar_blasted
D:2:      layout_basic, minmay_rat_gold_closets
D:3:      layout_basic, ebering_ghost_gozag
D:4:      layout_loops_corners, nicolae_shop_sticking_my_neck_out, uniq_grinder,
          uniq_blork_the_orc, uniq_natasha

Skill      XL: |  1  2  3  4  5 |
---------------+----------------+-----
Dodging        | 3 4 |  4.5
Maces & Flails | 3 4 |  4.4
Fighting       | 3 4 |  4.2
Stealth        | 1 |  1.2
Throwing       | |  2.0

Action                   |  1- 3 |  4- 6 || total
-------------------------+-------+-------++-------
Melee: Flail             |   107 |    29 ||   136
       Morningstar       |       |    64 ||    64
       Punch             |       |     1 ||     1
  Use: Scroll            |     1 |       ||     1
       Potion            |       |     4 ||     4
 Stab: Sleeping          |     1 |     3 ||     4
Armor: Robe              |    42 |    15 ||    57
Dodge: Dodged            |    73 |    88 ||   161
